 Dungeon Crawl Stone Soup version 0.29.1-15-g9cfb28693d (webtiles) character file.

Game seed: 17337365905255803270

2947 growler the Martial Artist (level 9, -6/127 HPs)
             Began as a Yellow Draconian Transmuter on Feb 28, 2023.
             Was an Initiate of Wu Jian.
             Mangled by a yak (8 damage)
             ... on level 8 of the Dungeon.
             The game lasted 00:24:11 (10965 turns).

growler the Martial Artist (DrTm)                  Turns: 10965, Time: 00:24:11

Health: -6/127     AC:  6    Str: 12    XL:     9   Next: 51%
Magic:  0/15       EV: 10    Int: 16    God:    Wu Jian [......]
Gold:   451        SH:  0    Dex: 20    Spells: 6/16 levels left

rFire   x . .      SeeInvis .     - Unarmed
rCold   + + +      Faith    .   (shield currently unavailable)
rNeg    . . .      Spirit   +   (body armour unavailable)
rPois   +          Reflect  .   (helmet currently unavailable)
rElec   .          Harm     .   (cloak currently unavailable)
rCorr   .          Rampage  .   (gloves currently unavailable)
Will    .....                   (boots currently unavailable)
Stlth   ..........              c - amulet of guardian spirit
HPRegen 0.31/turn               A - +6 ring of dexterity
MPRegen 0.14/turn               k - ring of wizardry

@: berserking, ice-form, very quick
A: freezing attack, amphibious, boosted hp, (spit acid), AC +7, large, unfitting
armour, (cold-blooded), (acid resistance)
a: End Transformation, Renounce Religion


You were on level 8 of the Dungeon.
You worshipped Wu Jian.
Wu Jian was noncommittal.
You were a creature of crystalline ice.
You visited 2 branches of the dungeon, and saw 9 of its levels.

You collected 451 gold pieces.

Inventory:

Jewellery
 c - an amulet of guardian spirit (around neck)
 k - a ring of wizardry (right front paw)
 p - an amulet of magic regeneration
 A - a +6 ring of dexterity (left front paw)
Wands
 z - a wand of paralysis (3)
 B - a wand of roots (13)
Scrolls
 b - a scroll of silence
 e - a scroll of summoning {unknown}
 g - 3 scrolls of teleportation
 i - a scroll of torment {unknown}
 l - 2 scrolls of immolation {unknown}
 m - a scroll of amnesia {unknown}
 n - a scroll of blinking {unknown}
 o - a scroll of fog {unknown}
 s - a scroll of enchant armour {unknown}
 t - a scroll of acquirement {unknown}
 v - a scroll of vulnerability {unknown}
 w - 5 scrolls of identify
 x - a scroll of brand weapon {unknown}
 y - a scroll of poison
Potions
 a - 2 potions of lignification
 d - 3 potions of attraction
 f - 4 potions of curing
 j - 5 potions of heal wounds
 q - a potion of might
 r - 4 potions of haste {unknown}
 u - a potion of invisibility
 C - 3 potions of ambrosia {unknown}


   Skills:
 + Level 4.2 Fighting
 - Level 1.7 Dodging
 + Level 10.6 Unarmed Combat
 - Level 4.0 Spellcasting
 + Level 5.5 Transmutations
 + Level 3.5 Ice Magic


You had 6 spell levels left.
You knew the following spells:

 Your Spells              Type           Power      Damage    Failure   Level
a - Beastly Appendage     Tmut           42%        N/A       1%          1
b - Wereblood             Tmut           21%        N/A       1%          2
c - Spider Form           Tmut/Pois      12%        N/A       6%          3
d - Ice Form              Ice/Tmut       17%        N/A       11%         4

Your spell library contained the following spells:

 Spells                   Type           Power      Damage    Failure   Level
 Blade Hands              Tmut           10%        N/A       19%         5
 Portal Projectile        Hex/Tloc       6%         N/A       21%         3
 Tukima's Dance           Hex            3%         N/A       21%         3


Dungeon Overview and Level Annotations

Branches:
Dungeon (8/15)             Temple (1/1) D:7
   Lair: D:8-11

Altars:
Ashenzari
Cheibriados
Dithmenos
Elyvilon
Fedhas
Hepliaklqana
Kikubaaqudgha
Okawaru
Qazlal
Ru
Sif Muna
Trog
Uskayaw
Vehumet
Wu Jian
Xom
Yredelemnul
Zin
The Shining One

Shops:
D:1 (   D:5 (

Annotations:
Temple 2 transporters


Innate Abilities, Weirdness & Mutations

You are a creature of crystalline ice.
You have a powerful freezing melee attack.
You are amphibious.
Your maximum health is increased.
Your armour is entirely melded.
You are incapable of wielding weapons or throwing items.
((You can spit globs of acid.))
((Your golden yellow scales are hard. (AC +7)))
You cannot fit into any form of body armour.
((You are cold-blooded and may be slowed by cold attacks.))
((You are resistant to acid. (rCorr)))


Message History

Unknown command.
Okay, then.
You feel much better. The yak gores you! x2
A red film seems to cover your vision as you go berserk!
You feel yourself moving faster!
You feel mighty! The yak gores you!
* * * LOW HITPOINT WARNING * * *
The yak gores you!
* * * LOW HITPOINT WARNING * * *
The yak gores you but does no damage.
The yak snorts and paws the ground.
The yak gores you.
* * * LOW HITPOINT WARNING * * *
You barely miss the yak.
The yak is heavily wounded.
The yak gores you!
* * * LOW HITPOINT WARNING * * *
The yak barely misses you. x2; The yak gores you but does no damage.
Unknown command.
You completely miss the yak.
The yak is heavily wounded.
Unknown command.
You hit the yak. You freeze the yak.
The yak is heavily wounded.
The yak completely misses you. The yak barely misses you.
The yak gores you but does no damage. The yak barely misses you.
Unknown command.
You pummel the yak!! You freeze the yak.
You kill the yak!
The Council accepts your kill. The yak gores you!
* * * LOW HITPOINT WARNING * * *
The yak closely misses you. The yak gores you.
* * * LOW HITPOINT WARNING * * *
You are too berserk!
You completely miss the yak.
Unknown command.
You pummel the yak!! You freeze the yak!
The yak is almost dead.
The yak gores you!
You die...

#.. .. #.. ### .....####+
..##+#.. .. .........
....#.###.#+#........
#.....#........#.....
+.....#........#####' #
#....##..............
#.##.†YY##..............
#.....†YY...............
#.##....................
#..............####..
......#.##....<....#..........
...#.#.##..................#.
..#.......................#. ...
#.....#########...........#. ...
#.................####......
.....#.............###.####.....#


You could see 3 yaks.

Vanquished Creatures
  2 yaks (D:8)
  A water moccasin (D:8)
  An ice beast (D:7)
  2 black bears (D:5)
  2 sky beasts
  An ogre (D:6)
  2 centaurs
  A phantom (D:4)
  3 bullfrogs
  3 scorpions
  3 wights (D:6)
  A gnoll sergeant (D:7)
  4 killer bees (D:7)
  4 hounds
  5 orc priests
  2 jellies
  A gnoll bouda (D:5)
  4 iguanas
  8 orc wizards
  15 gnolls
  8 adders
  A shadow imp (D:6)
  2 white imps (D:7)
  2 ufetubi
  2 worms
  4 dart slugs
  26 orcs
  7 endoplasms
  5 giant cockroaches
  4 goblins
  5 hobgoblins
  7 jackals
  5 kobolds
  2 quokkas
  12 ball pythons
  4 bats
  3 frilled lizards
  4 rats
168 creatures vanquished.

Notes
Turn   | Place    | Note
-------+----------+-------------------------------------------
     0 | D:1      | growler the Draconian Transmuter began the quest for the
                  | Orb.
     0 | D:1      | Reached XP level 1. HP: 16/16 MP: 3/3
   243 | D:1      | Reached XP level 2. HP: 20/23 MP: 5/5
  1152 | D:1      | Found Fiorud's Weapon Shoppe.
  1162 | D:1      | Reached XP level 3. HP: 22/28 MP: 6/6
  1192 | D:1      | Learned a level 2 spell: Wereblood
  1196 | D:1      | Learned a level 3 spell: Spider Form
  1293 | D:1      | Found a faded altar of an unknown god.
  1592 | D:2      | Identified the +5 hand axe "Demonslayer" {protect, rC+
                  | Int+7 Dex-3}
  2138 | D:2      | Reached XP level 4. HP: 32/35 MP: 8/8
  2788 | D:3      | Reached skill level 4 in Unarmed Combat
  3177 | D:3      | Reached XP level 5. HP: 26/40 MP: 9/9
  3775 | D:4      | Found a shimmering altar of Xom.
  3790 | D:4      | Noticed a centaur
  4100 | D:4      | Killed a centaur
  4101 | D:4      | Reached skill level 5 in Unarmed Combat
  4336 | D:4      | Noticed a phantom
  4363 | D:4      | Reached XP level 6. HP: 17/47 MP: 3/10
  4708 | D:4      | Learned a level 4 spell: Ice Form
  4962 | D:4      | Reached skill level 6 in Unarmed Combat
  5260 | D:5      | Entered Level 5 of the Dungeon
  5491 | D:5      | Your scales start taking on a golden yellow colour.
  5491 | D:5      | Reached XP level 7. HP: 42/52 MP: 7/11
  5491 | D:5      | Gained mutation: You are resistant to acid. (rCorr) [Yellow
                  | Draconian growth]
  5916 | D:5      | Reached skill level 7 in Unarmed Combat
  6125 | D:5      | Found a glowing silver altar of Zin.
  6319 | D:5      | Reached skill level 8 in Unarmed Combat
  6649 | D:5      | Found Mehump's Antique Weapon Boutique.
  7494 | D:6      | Reached XP level 8. HP: 52/59 MP: 8/12
  7519 | D:6      | Reached skill level 9 in Unarmed Combat
  8034 | D:6      | Reached skill level 10 in Unarmed Combat
  8505 | D:6      | Reached skill level 1 in Ice Magic
  9032 | D:7      | Found a staircase to the Ecumenical Temple.
  9041 | Temple   | Entered the Ecumenical Temple
  9041 | Temple   | Found a transporter.
  9041 | Temple   | Found a transporter.
  9043 | Temple   | Found a transporter.
  9043 | Temple   | Found a transporter.
  9062 | Temple   | Became a worshipper of the Wu Jian Council
  9478 | D:7      | Reached XP level 9. HP: 16/68 MP: 3/14
 10327 | D:8      | Reached skill level 5 in Transmutations
 10963 | D:8      | HP: 3/127 [yak (8)]
 10965 | D:8      | Mangled by a yak

Illustrated notes

Levels and vault maps discovered:
D:1:      roderic_octagonal_star, layout_basic,
          shapermc_ecumenical_altar_starsandcircs, serial_shops,
          nicolae_shop_bloodbath_and_beyond
D:2:      layout_loops_ring, nicolae_hexahallways
D:3:      layout_rooms
D:4:      kennysheep_six_static_rooms, layout_basic,
          mainiacjoe_overflow_boulevard
D:5:      layout_basic, mainiacjoe_overflow_alcove_2, serial_shops,
          nicolae_take_the_stairs, serial_curves, eino_curves_01,
          eino_curves_02, portal_sewer_entry_d
D:6:      layout_rooms
D:7:      layout_basic, minmay_temple_entry_stoned_glass,
          kennysheep_another_room
D:8:      layout_basic, marbit_many_paths, kennysheep_generic_room_11
Temple:   hellmonk_temple_divided_pantheon

Skill      XL: |  1  2  3  4  5  6  7  8  9 |
---------------+----------------------------+-----
Transmutations | 3 4 5 |  5.5
Spellcasting   | 3 4 |  4.0
Unarmed Combat | 4 5 6 8 10 | 10.6
Ice Magic      | 2 3 |  3.5
Fighting       | 2 4 |  4.2
Dodging        | |  1.7

Action                   |  1- 3 |  4- 6 |  7- 9 || total
-------------------------+-------+-------+-------++-------
Melee: Unarmed           |   156 |   203 |   309 ||   668
       Tailslap          |    19 |    13 |    16 ||    48
       Punch             |     4 |     6 |     9 ||    19
       Headbutt          |     6 |     6 |     3 ||    15
       Kick              |     5 |     8 |     9 ||    22
 Cast: Beastly Appendage |     5 |     3 |     6 ||    14
       Spider Form       |       |     5 |     9 ||    14
       Wereblood         |       |     1 |     3 ||     4
       Ice Form          |       |       |     5 ||     5
Invok: Lunge             |       |       |     8 ||     8
 Abil: Breathe Acid      |       |       |     3 ||     3
  Use: Scroll            |       |     7 |     4 ||    11
       Potion            |       |     1 |     2 ||     3
Armor: Skin              |    44 |    64 |    62 ||   170
Dodge: Dodged            |    88 |   124 |   203 ||   415
